 Dungeon Crawl Stone Soup version 0.29.1-14-g9c671dbff4 (webtiles) character file.

Game seed: 11459087363044360040

2307629 TittyCrusher the End of an Era (level 27, 273/273 HPs)
             Began as a Hill Orc Fighter on Sept 19, 2022.
             Was the Champion of Qazlal.
             Escaped with the Orb
             ... and 4 runes on Feb 13, 2023!
             The game lasted 03:06:17 (73387 turns).

TittyCrusher the End of an Era (Hill Orc Fighter)  Turns: 73387, Time: 03:06:18

Health: 273/273    AC: 40    Str: 43    XL:     27
Magic:  40/40      EV: 26    Int: 14    God:    Qazlal [******]
Gold:   5901       SH: 13    Dex: 33    Spells: 20/32 levels left

rFire   + + +      SeeInvis +   D - +3 executioner's axe (vorpal)
rCold   + + +      Faith    .   (shield currently unavailable)
rNeg    . . .      Spirit   .   q - +8 plate armour of Xekka {+Blink rF++ Dex+8 Slay-3}
rPois   .          Reflect  +   i - +2 helmet
rElec   +          Harm     .   Q - +2 cloak {rC+}
rCorr   +          Rampage  .   J - +1 pair of gloves of Supple Strength {rF+ Str+3 Dex+2}
Will    ++...                   P - +2 pair of boots
Stlth   ..........              A - amulet of Itov {Reflect Regen+ Str+3 SH+5}
HPRegen 1.35/turn               m - ring of Tuafeoch {Contam rC+ Str+6 Dex+5 SInv}
MPRegen 0.27/turn               X - ring of Uskayaw's Castigation {rElec rCorr Str+6 Int+6}

@: studying Ice Magic, repel missiles
A: hooves 1, cold resistance 1, deformed body, mutation resistance 1, shaggy fur
1
0: Orb of Zot
}: 4/15 runes: decaying, serpentine, slimy, silver
a: Renounce Religion, Evoke Blink, Upheaval, Elemental Force, Disaster Area


You escaped.
You worshipped Qazlal.
Qazlal was exalted by your worship.
You visited 11 branches of the dungeon, and saw 55 of its levels.
You visited 1 ziggurat, and saw 9 of its levels.
You also visited: Ice Cave.

You collected 9288 gold pieces.
You spent 3387 gold pieces at shops.

Inventory:

Hand Weapons
 a - a +9 executioner's axe of flaming
 b - a +4 vampiric battleaxe
 D - a +3 vorpal executioner's axe (weapon)
Missiles
 s - 2 throwing nets (quivered)
Armour
 i - a +2 helmet (worn)
 q - the +8 plate armour of Xekka (worn) {+Blink rF++ Dex+8 Slay-3}
   (You found it on level 3 of the Depths)

   Dex:       It affects your dexterity (+8).
   Slay:      It affects your accuracy & damage with ranged weapons and melee
   (-3).
   rF:        It greatly protects you from fire.
   +Blink:    It lets you blink.
 J - the +1 pair of gloves of Supple Strength (worn) {rF+ Str+3 Dex+2}
   (You acquired it on level 2 of the Lair of Beasts)

   Str:       It affects your strength (+3).
   Dex:       It affects your dexterity (+2).
   rF:        It protects you from fire.
 P - a +2 pair of boots (worn)
 Q - a +2 cloak of cold resistance (worn)
Jewellery
 g - the ring of Ucos {rPois Dex+3}
   (You bought it in a shop on level 1 of the Snake Pit)

   [ring of poison resistance]

   Dex:       It affects your dexterity (+3).
   rPois:     It protects you from poison.
 m - the ring of Tuafeoch (left hand) {Contam rC+ Str+6 Dex+5 SInv}
   (You acquired it on level 2 of the Crypt)

   [ring of strength]

   Str:       It affects your strength (+6).
   Dex:       It affects your dexterity (+5).
   rC:        It protects you from cold.
   SInv:      It lets you see invisible.
   Contam:    It causes magical contamination when unequipped.
 A - the amulet of Itov (around neck) {Reflect Regen+ Str+3 SH+5}
   (You found it on level 11 of the Dungeon)

   [amulet of reflection]

   It reflects blocked missile attacks.
   Str:       It affects your strength (+3).
   Regen:     It increases your rate of health regeneration.
   SH:        It affects your SH (+5).
 I - the ring "Otaaxoul" {Fly rElec Will+ Str+6 Int-4}
   (You found it on level 5 of the Pits of Slime)

   [ring of strength]

   Str:       It affects your strength (+6).
   Int:       It affects your intelligence (-4).
   rElec:     It insulates you from electricity.
   Fly:       It grants you flight.
   Will:      It increases your willpower.
 U - the ring "Uduaz" {rCorr Str+6 Int+7}
   (You found it on level 6 of a ziggurat)

   [ring of strength]

   Str:       It affects your strength (+6).
   Int:       It affects your intelligence (+7).
   rCorr:     It protects you from acid and corrosion.
 X - the ring of Uskayaw's Castigation (right hand) {rElec rCorr Str+6 Int+6}
   (You found it on level 5 of the Vaults)

   [ring of resist corrosion]

   Str:       It affects your strength (+6).
   Int:       It affects your intelligence (+6).
   rElec:     It insulates you from electricity.
   rCorr:     It protects you from acid and corrosion.
Wands
 j - a wand of flame (98)
 F - a wand of iceblast (48)
 W - a wand of mindburst (21)
 Y - a wand of digging (28)
Scrolls
 c - 5 scrolls of magic mapping
 k - 19 scrolls of teleportation
 o - 8 scrolls of fog
 p - 4 scrolls of summoning
 v - 3 scrolls of blinking
 y - 11 scrolls of poison
 B - 7 scrolls of immolation
 L - 7 scrolls of fear
 R - 3 scrolls of torment
 S - 9 scrolls of silence
 T - 46 scrolls of identify
Potions
 d - 7 potions of magic
 e - 2 potions of resistance
 h - 15 potions of lignification
 l - 3 potions of brilliance
 n - 4 potions of berserk rage
 r - 10 potions of attraction
 t - 7 potions of invisibility
 u - 7 potions of cancellation
 w - 29 potions of curing
 E - 17 potions of flight
 G - a potion of mutation
 O - 5 potions of ambrosia
 V - 13 potions of heal wounds
Miscellaneous
 x - a tin of tremorstones (2/2)
 K - a lightning rod (4/4)
 M - a phial of floods
 N - a condenser vane


   Skills:
 O Level 27 Fighting
 O Level 27 Axes
 + Level 24.0 Armour
 - Level 15.3 Dodging
 - Level 15.3 Shields
 - Level 3.0 Spellcasting
 - Level 12.0 Translocations
 - Level 9.5 Transmutations
 O Level 27 Invocations
 - Level 19.0 Evocations


You had 20 spell levels left.
You knew the following spells:

 Your Spells              Type           Power      Damage    Failure   Level
a - Apportation           Tloc           70%        N/A       1%          1
b - Wereblood             Tmut           28%        N/A       1%          2
c - Passage of Golubria   Tloc           35%        N/A       3%          4
d - Manifold Assault      Tloc           35%        N/A       10%         5

Your spell library contained the following spells:

 Spells                   Type           Power      Damage    Failure   Level
 Beastly Appendage        Tmut           56%        N/A       1%          1
 Blink                    Tloc           70%        N/A       1%          2
 Gell's Gravitas          Tloc           35%        N/A       1%          3
 Lesser Beckoning         Tloc           35%        N/A       1%          3
 Teleport Other           Tloc           35%        N/A       1%          3
 Passwall                 Tmut/Erth      12%        N/A       11%         2
 Spider Form              Tmut/Pois      15%        N/A       21%         3
 Blade Hands              Tmut           14%        N/A       26%         5
 Ignite Poison            Fire/Tmut/Pois 11%        N/A       36%         3
 Iskenderun's Mystic Bla  Conj/Tloc      19%        2d6       38%         4
 Foxfire                  Conj/Fire      8%         2x1d4     43%         1
 Freeze                   Ice            8%         1d3       43%         1
 Magic Dart               Conj           8%         1d3       43%         1
 Necrotise                Necr           8%         1d4       43%         1
 Sandblast                Erth           4%         2d4       43%         1
 Shock                    Conj/Air       8%         1d3       43%         1
 Slow                     Hex            8%         N/A       43%         1
 Summon Small Mammal      Summ           8%         N/A       43%         1
 Dispersal                Tloc           17%        N/A       45%         6
 Ice Form                 Ice/Tmut       15%        N/A       56%         4
 Call Imp                 Summ           2%         N/A       58%         2
 Ensorcelled Hibernation  Hex/Ice        4%         N/A       58%         2
 Poisonous Vapours        Pois/Air       4%         N/A       58%         2
 Scorch                   Fire           4%         2d5       58%         2
 Summon Forest            Summ/Tloc      9%         N/A       75%         5
 Confusing Touch          Hex            2%         N/A       82%         3
 Conjure Flame            Conj/Fire      2%         6-21      82%         3
 Dazzling Flash           Conj/Hex       4%         N/A       82%         3
 Frozen Ramparts          Ice            4%         1d1       82%         3
 Inner Flame              Hex/Fire       2%         N/A       82%         3
 Mephitic Cloud           Conj/Pois/Air  2%         N/A       82%         3
 Ozocubu's Armour         Ice            2%         N/A       82%         3
 Stone Arrow              Conj/Erth      4%         3d7       82%         3
 Summon Guardian Golem    Hex/Summ       2%         N/A       82%         3
 Swiftness                Air            2%         N/A       82%         3
 Vampiric Draining        Necr           2%         2d6       82%         3
 Irradiate                Conj/Tmut      7%         3d14      88%         5
 Airstrike                Air            1%         2d(1-17)  99%         4
 Anguish                  Hex/Necr       1%         N/A       99%         4
 Animate Armour           Summ/Erth      4%         N/A       99%         4
 Animate Dead             Necr           2%         N/A       99%         4
 Cause Fear               Hex            1%         N/A       99%         4
 Corpse Rot               Necr/Pois/Air  2%         N/A       99%         4
 Dispel Undead            Necr           2%         3d7       99%         4
 Flame Wave               Conj/Fire      2%         2d4       99%         4
 Hailstorm                Conj/Ice       2%         3d3       99%         4
 Olgreb's Toxic Radiance  Pois           2%         N/A       99%         4
 Summon Ice Beast         Ice/Summ       2%         N/A       99%         4
 Agony                    Necr           2%         N/A       100%        5
 Borgnjor's Vile Clutch   Necr/Erth      1%         N/A       100%        5
 Fireball                 Conj/Fire      1%         3d3       100%        5
 Freezing Cloud           Conj/Ice/Air   1%         6-21      100%        5
 Iskenderun's Battlesphe  Conj           2%         2d6       100%        5
 Lee's Rapid Deconstruct  Erth           1%         3d5*      100%        5
 Lightning Bolt           Conj/Air       1%         1d12      100%        5
 Metabolic Englaciation   Hex/Ice        1%         N/A       100%        5
 Silence                  Hex/Air        1%         N/A       100%        5
 Summon Mana Viper        Hex/Summ       2%         N/A       100%        5
 Conjure Ball Lightning   Conj/Air       1%         3x3d6     100%        6
 Death Channel            Necr           1%         N/A       100%        6
 Eringya's Noxious Bog    Tmut/Pois      7%         N/A       100%        6
 Iron Shot                Conj/Erth      1%         9d1       100%        6
 Simulacrum               Ice/Necr       1%         N/A       100%        6
 Starburst                Conj/Fire      1%         6d3       100%        6
 Statue Form              Tmut/Erth      10%        N/A       100%        6
 Summon Cactus Giant      Summ           1%         N/A       100%        6
 Dragon Form              Tmut           14%        N/A       100%        7
 Enfeeble                 Hex            1%         N/A       100%        7
 Haunt                    Necr/Summ      1%         N/A       100%        7
 Malign Gateway           Summ/Tloc      9%         N/A       100%        7
 Orb of Destruction       Conj           1%         9d5       100%        7
 Ozocubu's Refrigeration  Ice            1%         4d7       100%        7
 Spellforged Servitor     Conj/Summ      1%         N/A       100%        7
 Storm Form               Tmut/Air       7%         N/A       100%        7
 Summon Hydra             Summ           1%         N/A       100%        7
 Borgnjor's Revivificati  Necr           1%         N/A       100%        8
 Discord                  Hex            1%         N/A       100%        8
 Disjunction              Tloc           17%        N/A       100%        8
 Ignition                 Fire           1%         3d3       100%        8
 Infestation              Necr           1%         N/A       100%        8
 Lehudib's Crystal Spear  Conj/Erth      1%         10d2      100%        8
 Necromutation            Tmut/Necr      7%         N/A       100%        8
 Summon Horrible Things   Summ           1%         N/A       100%        8
 Chain Lightning          Conj/Air       1%         3d1       100%        9
 Death's Door             Necr           1%         N/A       100%        9
 Fire Storm               Conj/Fire      1%         7d1       100%        9
 Polar Vortex             Ice            1%         N/A       100%        9
 Shatter                  Erth           1%         3d5*      100%        9


Dungeon Overview and Level Annotations

Branches:
Dungeon (15/15)            Temple (0/1) D:7            Lair (5/5) D:8
  Swamp (4/4) Lair:2        Snake (4/4) Lair:3        Slime (5/5) Lair:5
    Orc (2/2) D:9             Elf (3/3) Orc:2        Vaults (5/5) D:14
  Crypt (3/3) Vaults:3       Tomb (0/3) Crypt:3      Depths (4/4) D:15
    Zot (5/5) Depths:4      IceCv (visited)

Altars:
Cheibriados
Fedhas
Gozag
Hepliaklqana
Kikubaaqudgha
Makhleb
Nemelex Xobeh
Qazlal
Ru
Sif Muna
Wu Jian
Xom
Yredelemnul
Zin
The Shining One
Beogh
Jiyva

Shops:
Orc:2 :**(   Elf:1 *   Elf:2 !   Snake:1 *[[=*   Snake:2 ?   Snake:4 *([*(
Depths:3 =?(

Portals:
Hell: Depths:1 Depths:2 Depths:3 Depths:4
Abyss: Depths:3
Pandemonium: Depths:2

Annotations:
Lair:4 exclusion: 2 oklob plants
Snake:4 1 runed translucent door, Ulithrugho's ghost, adept GrFi
Elf:2 Roxanne
Depths:3 1 runed translucent door
Zot:3 exclusion: orb of fire


Innate Abilities, Weirdness & Mutations

You have large cloven feet.
Your flesh is cold resistant. (rC+)
Armour fits poorly on your strangely shaped body.
You are somewhat resistant to further mutation.
You are covered in fur. (AC +1)


Message History

There is a stone staircase leading up, spattered with blood here.
You climb upwards.
Your protection from fire is fading.
There is a stone staircase leading down, spattered with blood here.
You feel less protected from fire.
There is an escape hatch in the ceiling here.
A mysterious force pulls you upwards. The hatch slams shut behind you.
HP restored.
There is a stone staircase leading up here.
You climb upwards.
There is a stone staircase leading down here.
An efreet comes into view.
It is wielding a +3 scimitar of flaming.
The efreet gestures at you.
The fireball explodes!
The fireball engulfs you but does no damage.
You feel protected from fire. The efreet barely misses you.
You carve the efreet like a ham!!!
You kill the efreet!
Qazlal accepts your kill.
No target in view!
No target in view!
Your protection from fire is fading.
There is a stone staircase leading up here.
You climb upwards.
There is a stone staircase leading down here.
You feel less protected from fire.
There is an open door here.
You hear a shout!
There is an open door here.
There is a stone staircase leading up here.
You climb upwards.
There is a stone staircase leading down here.
There is an escape hatch in the ceiling here.
A mysterious force pulls you upwards. The hatch slams shut behind you.
There is an escape hatch in the ceiling here.
A mysterious force pulls you upwards. The hatch slams shut behind you.
There is an open door here.
There is a staircase leading out of the dungeon here.
You have escaped!

#.# ##.### #######....##. #.#
#.############ #....##.
#.#######.##~~~~~~~~~#####....##.
#.........#☼~~~~~~~~~~##......##.
########.##~~#~~○~#~~~##.######8.
#.##~~°~~~~~~~~##.# ##.
#.##~~~~~~~~~~~#..# #.
#.##############.## ##.
#...'....@....'..# #8.
################.### ####.
#~~~~~~§☼~~~#.#8###8##.
#~~~~~~~○~~~#..........
#~~#~○~°#☼~~#..........
#~~~~~~~~~~~#.)........
##~~~~~~~~~##.#8###8##.
############.### ####. #...# #8.


There were no monsters in sight!

Vanquished Creatures
  A pandemonium lord (Zot:4)
  the Royal Jelly (Slime:5)
  4 dread liches
  2 ancient liches (Vaults:5)
  9 orbs of fire
  Mennas (Vaults:3)
  Mara (Swamp:3)
  Sojobo (Vaults:3)
  2 juggernauts
  2 royal mummies (Crypt:3)
  3 Killer Klowns (Zot:5)
  Xtahua (Vaults:3)
  3 curse toes (Zot:1)
  Vashnia (Snake:3)
  10 golden dragons
  A profane servitor (D:15)
  Nikola (Swamp:4)
  3 electric golems
  2 bone dragons (Zot:1)
  A Brimstone Fiend (Zot:1)
  An Ice Fiend (D:8)
  7 liches
  26 Orb Guardians
  A walking crystal tome (Depths:3)
  21 tentacled monstrosities
  A shard shrike skeleton (Crypt:3)
  7 quicksilver dragons
  A walking frostbound tome (Depths:3)
  2 deep elf blademasters (Elf:3)
  Asterion (Snake:3)
  9 titans
  2 deep elf master archers (Elf:3)
  14 ancient champions
  9 death cobs
  21 acid blobs
  6 sphinxes
  13 tengu reavers
  2 thorn hunters
  11 shadow dragons
  13 rockslimes
  Kirke (Swamp:4)
  3 revenants
  12 nagarajas
  6 azure jellies
  11 storm dragons
  6 draconian monks
  9 fire giants
  7 draconian knights
  11 frost giants
  An orc warlord (Vaults:3)
  6 draconian scorchers
  9 deep elf sorcerers
  2 balrugs
  Aizul (Snake:4)
  4 draconian shifters
  6 vault wardens
  2 ghost moths
  Louise (Snake:4)
  3 curse skulls (Crypt:3)
  An angel (D:14)
  7 draconian annihilators
  11 ghouls
  3 draconian stormcallers
  3 spriggan defenders
  A demonspawn blood saint (D:8)
  An iron dragon (Depths:3)
  2 deep elf elementalists (Elf:3)
  21 very ugly things
  23 stone giants
  16 quicksilver oozes
  6 war gargoyles
  8 ironbound thunderhulks
  14 ironbound preservers
  8 green draconians
  9 vampire knights
  6 spark wasps
  10 white draconians
  7 black draconians
  5 deep elf demonologists (Elf:3)
  5 entropy weavers
  11 purple draconians
  12 yellow draconians
  10 deep elf annihilators
  16 red draconians
  3 eidola
  27 dire elephants
  An eleionoma (Swamp:1)
  6 bunyips
  24 ettins
  A blizzard demon (Crypt:1)
  A merfolk javelineer (Zig:8)
  12 deep elf death magi
  2 green deaths (Swamp:4)
  A merfolk impaler (Zig:8)
  A mummy priest (Zig:7)
  A shambling mangrove (Swamp:2)
  2 crystal guardians (Vaults:4)
  9 fire dragons
  10 great orbs of eyes
  8 jiangshi
  4 deep elf high priests
  14 yaktaur captains
  Josephine (D:10)
  4 ice dragons
  A salamander tyrant (Snake:4)
  5 boulder beetles
  A hell beast (Depths:3)
  27 vault guards (Vaults:5)
  21 hydras
  A fenstrider witch zombie (Crypt:2)
  6 ironbound frosthearts
  A catoblepas (Lair:3)
  3 ogre magi
  18 centaur warriors
  2 ghost crabs
  9 anacondas
  An anaconda (shapeshifter) (Depths:3)
  4 peacekeepers
  4 spriggan air magi
  3 spriggan skeletons
  17 two-headed ogres
  12 alligators
  3 death knights
  4 merfolk aquamancers (Zig:8)
  18 naga warriors
  5 tengu warriors
  37 dancing weapons
  An alligator snapping turtle (Zig:8)
  3 hell hogs (Depths:3)
  A two-headed ogre (shapeshifter) (Vaults:5)
  10 deep troll earth magi
  7 deep troll shamans
  2 orc high priests
  8 death yaks
  9 spriggan berserkers
  5 shock serpents
  Urug (Orc:2)
  A death scarab (Zig:7)
  A thrashing horror (Swamp:4)
  24 naga sharpshooters
  5 vampire magi
  An azure jelly zombie (Crypt:2)
  8 soul eaters
  Sonja (D:10)
  An emperor scorpion zombie (Crypt:2)
  8 hell knights
  2 sun demons (Depths:3)
  A storm dragon zombie (Zot:1)
  4 salamander mystics
  23 deep elf knights
  54 skeletal warriors
  15 iron trolls
  A bunyip zombie (Crypt:3)
  2 death drakes (Zot:1)
  A golden dragon zombie (Zig:7)
  5 goliath frogs
  14 bog bodies
  A shadow demon (Depths:1)
  3 shadow wraiths
  A ghost moth zombie (Zot:1)
  6 spriggan druids
  A large abomination (Swamp:4)
  A glowing orange brain (shapeshifter) (Vaults:5)
  57 deep trolls
  4 flayed ghosts
  8 naga ritualists
  19 deep elf archers
  A glowing orange brain (Zot:4)
  A lindwurm (shapeshifter) (Vaults:5)
  7 swamp dragons
  12 wizards
  A deep troll (shapeshifter) (Depths:3)
  An orb spider (Zig:4)
  A tengu zombie (Vaults:4)
  5 harpies (Vaults:5)
  13 lindwurms
  15 phantasmal warriors
  8 necromancers
  13 ironbound convokers
  10 mana vipers
  13 orc knights
  25 deep elf zephyrmancers
  3 wolf spiders
  A mana viper (shapeshifter) (Depths:4)
  32 ugly things
  11 orc sorcerers
  A shining eye (shapeshifter) (Vaults:5)
  7 shining eyes
  38 deep elf pyromancers
  4 will-o-the-wisps
  7 cyclopes
  A stone giant zombie (Crypt:2)
  2 manticores
  15 salamanders
  An iron dragon skeleton (Crypt:3)
  20 vault sentinels
  38 moths of wrath
  52 black mambas
  A dire elephant zombie (Crypt:1)
  An ice statue (IceCv)
  3 guardian serpents
  19 naga magi
  5 smoke demons
  An eleionoma skeleton (Crypt:1)
  2 torpor snails
  2 fire giant skeletons
  Joseph (D:10)
  2 orange demons
  2 eyes of devastation
  An elf skeleton (Vaults:4)
  2 hellions
  A cane toad (shapeshifter) (D:13)
  A black mamba (shapeshifter) (D:15)
  2 titan simulacra (Crypt:3)
  4 human zombies
  19 cane toads
  4 rime drakes
  2 demonic crawlers
  10 komodo dragons
  A catoblepas zombie (Crypt:2)
  6 tengu conjurers
  A swamp worm zombie (Crypt:1)
  6 kobold demonologists (D:11)
  A red draconian zombie (Zot:1)
  A green draconian zombie (Crypt:2)
  2 anaconda simulacra (IceCv)
  2 efreet
  28 yaktaurs
  2 hellwings (D:15)
  8 freezing wraiths
  A tormentor (Depths:4)
  A yellow draconian skeleton (Crypt:3)
  7 guardian mummies
  A troll (shapeshifter) (Elf:2)
  A red devil (D:15)
  4 polar bears
  3 human skeletons
  14 trolls
  3 meliai (D:15)
  2 harpy zombies (Crypt:2)
  A wind drake (Zig:8)
  A tarantella (Vaults:3)
  A hydra skeleton (Crypt:3)
  13 tyrant leeches
  A harpy skeleton (Crypt:3)
  9 merfolk (Zig:8)
  24 hornets
  A moth of wrath zombie (Zot:1)
  Grinder (D:3)
  92 slime creatures
  16 blink frogs
  7 dream sheep
  A dream sheep (shapeshifter) (Vaults:5)
  3 jumping spiders
  A jumping spider (shapeshifter) (Vaults:5)
  3 shadows (Swamp:4)
  4 vampires
  19 spriggans
  An air elemental (Elf:3)
  An ushabti (Zig:7)
  A centaur simulacrum (D:15)
  A dire elephant simulacrum (IceCv)
  10 wraiths
  21 wyverns
  6 basilisks (Lair:5)
  9 water elementals
  66 yaks
  2 hogs (Swamp:4)
  4 steam dragons
  A wyvern (shapeshifter) (Elf:3)
  An alligator snapping turtle simulacrum (Crypt:2)
  A yak (shapeshifter) (Elf:2)
  2 fire elementals
  A hog (shapeshifter) (D:15)
  A small abomination (Swamp:4)
  13 vampire mosquitoes
  A golden eye (Slime:5)
  15 redbacks
  Menkaure (D:5)
  4 death yak simulacra (IceCv)
  48 nagas
  A swamp worm (shapeshifter) (Vaults:5)
  6 acid dragons
  A glowing shapeshifter zombie (Vaults:4)
  12 wargs
  12 swamp worms
  A hydra simulacrum (IceCv)
  A floating eye (Depths:3)
  18 water moccasins
  A fire bat skeleton (Crypt:1)
  3 black bears
  29 orc warriors
  A hornet zombie (Crypt:3)
  6 sky beasts
  3 swamp drakes
  2 ice beasts
  A dream sheep zombie (Crypt:1)
  An ettin simulacrum (Crypt:2)
  14 wolves
  10 ogres
  7 centaurs
  2 snapping turtle skeletons
  An eye of devastation zombie (Crypt:2)
  3 phantoms
  A gnoll sergeant (D:9)
  3 necrophages
  4 scorpions
  A rime drake skeleton (Crypt:1)
  6 two-headed ogre simulacra (IceCv)
  7 bullfrogs
  A water moccasin zombie (Crypt:2)
  3 earth elementals
  A cyclops zombie (Crypt:3)
  A cane toad simulacrum (IceCv)
  13 wights
  A queen bee zombie (Crypt:2)
  6 killer bees (D:11)
  2 elephant simulacra (IceCv)
  A killer bee (shapeshifter) (Vaults:4)
  A troll skeleton (Crypt:1)
  3 howler monkeys
  7 electric eels
  10 orc priests
  7 jellies
  A bullfrog skeleton (Crypt:3)
  2 gnoll boudas
  4 hounds
  Jessica (D:3)
  3 iguanas (Lair:5)
  Ijyb (D:5)
  A boggart zombie (Crypt:3)
  40 orc wizards
  A boggart skeleton (Crypt:2)
  3 polar bear simulacra
  5 troll simulacra (IceCv)
  4 yak simulacra (D:11)
  5 spriggan simulacra
  4 wolf simulacra
  A deep dwarf skeleton (Crypt:3)
  11 mummies (Zig:7)
  Robin (D:4)
  19 gnolls
  13 adders
  5 naga simulacra (IceCv)
  2 shadow imps
  19 white imps
  14 ufetubi
  2 worms
  2 dart slugs
  94 orcs
  4 bats
  6 endoplasms
  4 giant cockroaches
  11 goblins
  10 hobgoblins
  4 jackals (D:4)
  3 quokkas
  6 ball pythons
  A ball python skeleton (Crypt:1)
  4 frilled lizards
  A goblin skeleton (Crypt:2)
  A hobgoblin skeleton (Crypt:3)
  5 kobolds
  9 rats
  3 river rat simulacra (D:11)
2683 creatures vanquished.

Vanquished Creatures (collateral kills)
  Zenata (Vaults:3)
  A rockslime (Slime:5)
  An eleionoma (Swamp:4)
  A hydra (Swamp:3)
  Erica (Lair:1)
  A naga warrior (Snake:4)
  A black mamba (Snake:4)
  A bloated husk (Swamp:3)
  A yak (Lair:4)
  4 hogs (Swamp:4)
13 creatures vanquished.

Vanquished Creatures (others)
  Jorgrun (Elf:2)
  A shadow dragon (Zot:3)
  A fire giant (Vaults:5)
  A vault warden (Vaults:5)
  A purple draconian (Zot:2)
  A red draconian (Zot:3)
  2 deep elf knights (Elf:2)
  A spriggan druid (Swamp:4)
  2 deep elf zephyrmancers
  A deep elf pyromancer (Elf:3)
  2 orc knights (Vaults:5)
  An ugly thing (Vaults:4)
  A manticore (Zig:8)
  2 guardian serpents
  A moth of wrath (Zot:3)
  A yaktaur (Vaults:4)
  A merfolk (Zig:8)
  2 bloated husks
  A slime creature (Slime:5)
  A spriggan (Swamp:1)
  2 orc wizards
  16 foxfires
  19 fungi
  76 plants
138 creatures vanquished.

Grand Total: 2834 creatures vanquished

Notes
Turn   | Place    | Note
-------+----------+-------------------------------------------
     0 | D:1      | TittyCrusher the Hill Orc Fighter began the quest for the
                  | Orb.
     0 | D:1      | Reached XP level 1. HP: 19/19 MP: 1/1
   151 | D:1      | Reached XP level 2. HP: 26/26 MP: 2/2
  1062 | D:2      | Reached XP level 3. HP: 31/31 MP: 3/3
  1186 | D:2      | Reached skill level 5 in Axes
  1323 | D:2      | Reached XP level 4. HP: 35/39 MP: 4/4
  1952 | D:3      | Noticed Grinder
  1967 | D:3      | Paralysed by Grinder for 2 turns
  1980 | D:3      | Paralysed by Grinder for 4 turns
  2217 | D:3      | Noticed Jessica
  2225 | D:3      | Killed Jessica
  2471 | D:3      | Found a faded altar of an unknown god.
  2589 | D:3      | Reached XP level 5. HP: 41/45 MP: 5/5
  2676 | D:3      | Found a sparkling altar of Nemelex Xobeh.
  2849 | D:3      | Paralysed by Grinder for 3 turns
  2855 | D:3      | Paralysed by Grinder for 2 turns
  2859 | D:3      | Killed Grinder
  2860 | D:3      | Reached XP level 6. HP: 51/51 MP: 6/6
  3179 | D:4      | Noticed Robin
  3210 | D:4      | Killed Robin
  4008 | D:4      | Found a sacrificial altar of Ru.
  4035 | D:4      | Reached XP level 7. HP: 57/57 MP: 7/7
  4250 | D:4      | Found Zin's Purification Station.
  4252 | D:4      | Found a glowing silver altar of Zin.
  4289 | D:4      | Reached skill level 10 in Axes
  4312 | D:4      | Bought a potion of curing for 90 gold pieces
  4402 | D:4      | Found a basalt altar of Yredelemnul.
  4773 | D:5      | Entered Level 5 of the Dungeon
  4794 | D:5      | Noticed Menkaure
  4806 | D:5      | Killed Menkaure
  4870 | D:5      | Reached XP level 8. HP: 58/64 MP: 8/8
  5563 | D:5      | Noticed Ijyb
  5580 | D:5      | Killed Ijyb
  5808 | D:6      | Found a shimmering blue altar of Sif Muna.
  6076 | D:6      | Reached XP level 9. HP: 60/70 MP: 9/9
  6218 | D:6      | Reached skill level 15 in Axes
  6228 | D:6      | Found an opulent altar of Gozag.
  6320 | D:6      | Found a stormy altar of Qazlal.
  6327 | D:6      | Found a blossoming altar of Fedhas.
  6329 | D:6      | Became a worshipper of Qazlal Stormbringer
  6968 | D:7      | Found an ornate altar of the Wu Jian Council.
  7066 | D:7      | Found a staircase to the Ecumenical Temple.
  7631 | D:8      | Found a staircase to the Lair.
  7873 | D:8      | Found a hazy altar of Hepliaklqana.
  7959 | D:8      | Found a snail-covered altar of Cheibriados.
  8260 | D:8      | Reached XP level 10. HP: 76/77 MP: 10/10
  8469 | D:8      | Found a burning altar of Makhleb.
  8641 | D:9      | Reached * piety under Qazlal
  9127 | D:9      | Found a shimmering altar of Xom.
  9181 | D:9      | Found a staircase to the Orcish Mines.
  9196 | D:9      | Reached skill level 5 in Fighting
  9423 | D:10     | Entered Level 10 of the Dungeon
  9429 | D:10     | Noticed Josephine
  9461 | Lair:1   | Entered Level 1 of the Lair of Beasts
  9504 | Lair:1   | Reached ** piety under Qazlal
  9558 | Lair:1   | Reached XP level 11. HP: 84/97 MP: 11/11
  9734 | Lair:1   | Reached skill level 5 in Armour
  9919 | Lair:1   | Noticed Erica
  9945 | Lair:1   | Killed Erica
 10458 | Lair:2   | Reached skill level 1 in Invocations
 10706 | Lair:2   | Found a staircase to the Swamp.
 11116 | Lair:2   | Reached skill level 5 in Invocations
 11905 | Lair:2   | Identified a scroll of acquirement
 11906 | Lair:2   | Acquired the +1 pair of gloves of Supple Strength {rF+
                  | Str+3 Dex+2}
 12607 | Lair:3   | Reached *** piety under Qazlal
 12860 | Lair:3   | Found a staircase to the Snake Pit.
 12900 | Lair:3   | Reached XP level 12. HP: 105/105 MP: 17/17
 12905 | Lair:3   | Noticed a catoblepas
 12906 | Lair:3   | Noticed a five-headed hydra
 12923 | Lair:3   | Killed a catoblepas
 12950 | Lair:3   | Reached skill level 10 in Armour
 12958 | Lair:3   | Killed a four-headed hydra
 13960 | Lair:3   | Reached skill level 1 in Dodging
 14718 | Lair:4   | Reached **** piety under Qazlal
 14750 | Lair:4   | Reached skill level 5 in Dodging
 14763 | Lair:4   | Noticed a death yak
 14770 | Lair:4   | Noticed a death yak
 14771 | Lair:4   | Killed a death yak
 14772 | Lair:4   | Noticed a death yak
 14782 | Lair:4   | Reached XP level 13. HP: 27/111 MP: 18/18
 14862 | Lair:4   | Found a frozen archway.
 15040 | IceCv    | Entered an ice cave
 15369 | IceCv    | Reached ***** piety under Qazlal
 16298 | IceCv    | Identified the ring "Zeviu" {rElec Str-3 Int+6 Dex+6}
 16935 | Lair:4   | Reached skill level 10 in Invocations
 17271 | Lair:4   | Reached ****** piety under Qazlal
 18217 | Lair:5   | Entered Level 5 of the Lair of Beasts
 18217 | Lair:5   | Found a viscous altar of Jiyva.
 18217 | Lair:5   | Found a staircase to the Slime Pits.
 18226 | Lair:5   | Reached XP level 14. HP: 113/118 MP: 15/23
 19801 | Lair:5   | Reached skill level 10 in Fighting
 20524 | Orc:1    | Entered Level 1 of the Orcish Mines
 20706 | Orc:2    | Entered Level 2 of the Orcish Mines
 20813 | Orc:2    | Reached XP level 15. HP: 128/128 MP: 16/25
 20907 | Orc:2    | Found Favviyro's Book Shoppe.
 20907 | Orc:2    | Found Geurr's General Store.
 20950 | Orc:2    | Found a staircase to the Elven Halls.
 21002 | Orc:2    | Noticed Urug
 21005 | Orc:2    | Found Meipn's General Store.
 21005 | Orc:2    | Found Vesm's Weapon Boutique.
 21012 | Orc:2    | Killed Urug
 21020 | Orc:2    | Reached skill level 15 in Invocations
 21051 | Orc:2    | Found a roughly hewn altar of Beogh.
 21073 | Orc:2    | Bought a scroll of enchant armour for 105 gold pieces
 21073 | Orc:2    | Bought a scroll of enchant weapon for 105 gold pieces
 21104 | Orc:2    | Bought a scroll of magic mapping for 105 gold pieces
 21267 | Orc:2    | Paralysed by an orc sorcerer for 4 turns
 22014 | Orc:1    | Reached skill level 5 in Shields
 22706 | Orc:1    | Found a roughly hewn altar of Beogh.
 22863 | D:10     | Noticed Joseph
 22865 | D:10     | Killed Josephine
 22874 | D:10     | Noticed Sonja
 22886 | D:10     | Killed Joseph
 22889 | D:10     | Killed Sonja
 23083 | D:10     | Found a glowing golden altar of the Shining One.
 23813 | D:11     | Got the Guide on the Unstable Barrage
 23824 | D:11     | Got the Almanac of Generation
 23836 | D:11     | Found a shimmering blue altar of Sif Muna.
 24000 | D:11     | Identified the ring "Xiegili" {rC+ Dex+6}
 24001 | D:11     | Identified the amulet of Itov {Reflect Regen+ Str+3 SH+5}
 24004 | D:11     | Identified the +7 war axe "Emnem Fota" {drain, Fly rPois}
 24045 | D:11     | Noticed a deep elf sorcerer
 24048 | D:11     | Reached skill level 10 in Shields
 24055 | D:11     | Killed a deep elf sorcerer
 24063 | D:11     | Got the Catalogue of the Productive Barrage
 24065 | D:11     | Got the Folio of Frostbitten Lightning
 24080 | D:11     | Got the Lectures on Conduction and Impurities
 24082 | D:11     | Got the Monograph on Hyperbolic Curses
 24128 | D:11     | Got the Compilation of the Boreal Excursion
 25925 | D:13     | Reached XP level 16. HP: 127/136 MP: 27/27
 26575 | D:13     | You fall into a shaft and drop 1 floor!
 27097 | D:14     | Identified the +1 leather armour of the Depths {rPois
                  | Str+3}
 27177 | D:14     | Gained mutation: Your muscles are strong. (Str +4, Int/Dex
                  | -1) [potion of mutation]
 27177 | D:14     | Gained mutation: You occasionally lose the ability to drink
                  | potions when taking damage. [potion of mutation]
 27313 | D:14     | Found a gate to the Vaults.
 27874 | D:15     | Entered Level 15 of the Dungeon
 28486 | D:15     | Reached skill level 15 in Shields
 28647 | D:15     | Found a staircase to the Depths.
 29545 | Snake:1  | Entered Level 1 of the Snake Pit
 30162 | Elf:1    | Entered Level 1 of the Elven Halls
 30676 | Elf:1    | Reached XP level 17. HP: 81/140 MP: 29/29
 31213 | Elf:1    | Found Ciuvudd's General Store.
 31397 | Elf:1    | Bought a potion of haste for 170 gold pieces
 31397 | Elf:1    | Bought a scroll of teleportation for 51 gold pieces
 31397 | Elf:1    | Bought a scroll of enchant weapon for 127 gold pieces
 31694 | Elf:2    | Noticed Roxanne
 31818 | Elf:2    | Found Zahymaig's Distillery.
 32310 | Elf:2    | Bought a potion of heal wounds for 90 gold pieces
 32310 | Elf:2    | Bought a potion of haste for 180 gold pieces
 32310 | Elf:2    | Bought a potion of curing for 54 gold pieces
 32310 | Elf:2    | Bought a potion of might for 72 gold pieces
 32785 | Elf:2    | Noticed Jorgrun
 32804 | Elf:2    | Killed Jorgrun
 33715 | Elf:2    | Found a runed translucent gate.
 33715 | Elf:2    | Found a runed translucent gate.
 33715 | Elf:2    | Found a runed translucent gate.
 34673 | Elf:2    | Reached skill level 15 in Fighting
 36007 | Snake:1  | Reached XP level 18. HP: 166/166 MP: 31/31
 36112 | Snake:1  | Found Axkargh's Armour Emporium.
 36174 | Snake:1  | Found Sieni's One-of-a-Kind Rings.
 36185 | Snake:1  | Bought the ring of Ucos {rPois Dex+3} for 532 gold pieces
 36203 | Snake:1  | Found Leed's Armour Emporium.
 36293 | Snake:1  | Found Zicudoni's Assorted Antiques.
 36785 | Snake:1  | Found Kaump's General Store.
 38007 | Snake:2  | Found Urepruz's Magic Scroll Shop.
 38015 | Snake:2  | Bought a scroll of magic mapping for 127 gold pieces
 38015 | Snake:2  | Bought a scroll of teleportation for 51 gold pieces
 38161 | Snake:2  | Acquired a manual of Invocations
 38216 | Snake:3  | Noticed a tentacled monstrosity
 38224 | Snake:3  | Killed a tentacled monstrosity
 38225 | Snake:3  | Noticed Vashnia
 38240 | Snake:3  | Noticed a tentacled monstrosity
 38575 | Snake:3  | Killed a tentacled monstrosity
 39348 | Snake:3  | Killed Vashnia
 39903 | Snake:3  | Reached XP level 19. HP: 140/172 MP: 34/34
 40202 | Snake:4  | Entered Level 4 of the Snake Pit
 40204 | Snake:4  | Noticed Asterion
 40215 | Snake:3  | Upgraded the game from 0.29.1-1-gd02db6906a to
                  | 0.29.1-13-g9f3cf754e1
 40437 | Snake:3  | Killed Asterion
 40502 | Snake:4  | Found Mostyav's Assorted Antiques.
 40720 | Snake:4  | Noticed Aizul
 40726 | Snake:4  | Killed Aizul
 40750 | Snake:4  | Found Ynged's Antique Armour Shoppe.
 40784 | Snake:4  | Found Dic Igh's Weapon Shoppe.
 40891 | Snake:4  | Found Faupte's Assorted Antiques.
 40930 | Snake:4  | Found a runed translucent door.
 40931 | Snake:4  | Noticed Ulithrugho's ghost (adept GrFi)
 40938 | Snake:4  | Found Xoac's Weapon Boutique.
 41833 | Snake:4  | Identified the +1 tower shield of the Teacher {Regen+ Int-5
                  | Dex-3 Slay+5}
 41833 | Snake:4  | Noticed Louise
 41846 | Snake:4  | Killed Louise
 41979 | Snake:4  | Got a serpentine rune of Zot
 42062 | Snake:4  | Bought a potion of heal wounds for 230 gold pieces
 42324 | Swamp:1  | Entered Level 1 of the Swamp
 43215 | Swamp:2  | Reached XP level 20. HP: 160/191 MP: 36/36
 43589 | Swamp:2  | Acquired a +0 crystal plate armour
 44044 | Swamp:3  | Noticed Mara
 44057 | Swamp:3  | Killed Mara
 44990 | Swamp:4  | Entered Level 4 of the Swamp
 45016 | Swamp:4  | Noticed Nikola
 45027 | Swamp:4  | Killed Nikola
 45277 | Swamp:4  | Noticed Kirke
 45300 | Swamp:4  | Killed Kirke
 45711 | Swamp:4  | Got a decaying rune of Zot
 46156 | Vaults:1 | Entered Level 1 of the Vaults
 47264 | Vaults:1 | Reached skill level 10 in Dodging
 47265 | Vaults:1 | Reached XP level 21. HP: 207/207 MP: 37/37
 49308 | Vaults:3 | Noticed Zenata
 49326 | Vaults:3 | Killed Zenata
 49333 | Vaults:3 | Identified the +7 glaive "Linayleq" {venom, rElec rN++
                  | Will-}
 49508 | Vaults:3 | Noticed Sojobo
 49528 | Vaults:3 | Killed Sojobo
 49557 | Vaults:3 | Paralysed by something for 5 turns
 49629 | Vaults:3 | Noticed Xtahua
 49642 | Vaults:3 | Killed Xtahua
 49751 | Vaults:3 | Got the Compendium of the Stony Brume
 50173 | Vaults:3 | Reached XP level 22. HP: 215/215 MP: 38/38
 50262 | Vaults:3 | Noticed Mennas
 51013 | Vaults:3 | Killed Mennas
 51014 | Vaults:3 | Reached skill level 15 in Dodging
 51449 | Vaults:3 | Found a staircase to the Crypt.
 51449 | Vaults:3 | Found an ancient bone altar of Kikubaaqudgha.
 51450 | Vaults:3 | Found a basalt altar of Yredelemnul.
 53342 | Vaults:5 | Entered Level 5 of the Vaults
 53349 | Vaults:5 | Noticed a golden dragon
 53363 | Vaults:5 | Reached skill level 15 in Armour
 53369 | Vaults:5 | Reached XP level 23. HP: 149/223 MP: 23/39
 53383 | Vaults:4 | Killed a golden dragon
 53633 | Vaults:5 | Noticed a dread lich
 53640 | Vaults:5 | Killed a dread lich
 53666 | Vaults:5 | Noticed an ancient lich
 53684 | Vaults:5 | Noticed a golden dragon
 53687 | Vaults:5 | Killed an ancient lich
 53703 | Vaults:5 | Killed a golden dragon
 54288 | Vaults:5 | Noticed an ancient lich
 54298 | Vaults:5 | Killed an ancient lich
 54398 | Vaults:5 | Noticed a golden dragon
 54414 | Vaults:5 | Killed a golden dragon
 54659 | Vaults:5 | Identified the +5 dagger "Jeilaw" {flame, rPois rC++ Str-5
                  | Int-4}
 54670 | Vaults:5 | Got a silver rune of Zot
 54676 | Vaults:5 | Identified the ring of Uskayaw's Castigation {rElec rCorr
                  | Str+6 Int+6}
 54685 | Vaults:5 | Learned a level 1 spell: Apportation
 54688 | Vaults:5 | Learned a level 2 spell: Wereblood
 54692 | Vaults:5 | Identified the +5 ring mail of Xodafaf {-Tele Rampage rPois
                  | Str+4}
 54896 | Vaults:5 | Noticed a dread lich
 54905 | Vaults:5 | Reached skill level 1 in Transmutations
 54908 | Vaults:5 | Killed a dread lich
 55550 | Slime:1  | Entered Level 1 of the Pits of Slime
 55661 | Slime:2  | Gained mutation: You are occasionally teleported next to
                  | monsters. [a shining eye]
 55809 | Slime:3  | Reached XP level 24. HP: 155/231 MP: 39/39
 55855 | Slime:4  | Reached skill level 5 in Transmutations
 55876 | Slime:5  | Entered Level 5 of the Pits of Slime
 55903 | Slime:5  | Gained mutation: You are frail. (-10% HP) [a shining eye]
 56022 | Slime:5  | Noticed the Royal Jelly
 56041 | Slime:5  | Killed the Royal Jelly
 56106 | Slime:5  | Identified the amulet "Noshula" {Acrobat Int+4 Dex+3}
 56122 | Slime:5  | Identified the +5 arbalest of the Warrior-Mage {venom,
                  | *Slow rN+++ Will+ rCorr}
 56122 | Slime:5  | Found the +3 salamander hide armour {Flames rF++ rC--}
 56145 | Slime:5  | Identified the ring of the Empire {rElec AC+4}
 56178 | Slime:5  | Identified the +11 morningstar of the Growing Butterfly
                  | {flame, Int+2}
 56190 | Slime:5  | Identified the ring of Fun {Will+ EV+4}
 56253 | Slime:5  | Identified the ring "Otaaxoul" {Fly rElec Will+ Str+6
                  | Int-4}
 56291 | Slime:5  | Got a slimy rune of Zot
 56300 | Slime:5  | Identified the +6 glaive of the Dove {spect, rC+++ rN+}
 56589 | Elf:3    | Entered Level 3 of the Elven Halls
 56659 | Elf:3    | Reached skill level 1 in Spellcasting
 57411 | Elf:3    | Reached skill level 1 in Evocations
 57432 | Elf:3    | Identified the ring of Sixt {Fly rPois Dex+3}
 57450 | Elf:3    | Identified the +5 scale mail of Dithmenos's Grace {Dex+5}
 57454 | Elf:3    | Found the +9 staff of Olgreb {rPois∞}
 57466 | Elf:3    | Got Sif Muna's Precepts of Moulding and Excavation
 57667 | Elf:3    | Identified the +9 sling of Dir Qolu {flame, rElec rPois}
 57795 | Elf:3    | Upgraded the game from 0.29.1-13-g9f3cf754e1 to
                  | 0.29.1-14-g9c671dbff4
 58257 | Crypt:1  | Entered Level 1 of the Crypt
 58356 | Crypt:1  | Reached XP level 25. HP: 218/218 MP: 39/39
 59257 | Crypt:2  | Reached skill level 27 in Invocations
 59339 | Crypt:2  | Identified the +2 scale mail "Ysai" {rElec rCorr MP-9}
 59519 | Crypt:2  | Acquired the ring of Tuafeoch {Contam rC+ Str+6 Dex+5 SInv}
 59520 | Crypt:2  | Acquired 657 gold pieces
 59686 | Crypt:1  | Lost mutation: You are frail. (-10% HP) [potion of
                  | mutation]
 59686 | Crypt:1  | Lost mutation: Your muscles are strong. (Str +4, Int/Dex
                  | -1) [potion of mutation]
 59686 | Crypt:1  | Lost mutation: You occasionally lose the ability to drink
                  | potions when taking damage. [potion of mutation]
 59686 | Crypt:1  | Gained mutation: Armour fits poorly on your strangely
                  | shaped body. [potion of mutation]
 59686 | Crypt:1  | Gained mutation: Your natural rate of healing is unusually
                  | fast. [potion of mutation]
 59692 | Crypt:1  | Lost mutation: Armour fits poorly on your strangely shaped
                  | body. [potion of mutation]
 59692 | Crypt:1  | Lost mutation: Your natural rate of healing is unusually
                  | fast. [potion of mutation]
 59692 | Crypt:1  | Gained mutation: You occasionally shout uncontrollably at
                  | your foes. [potion of mutation]
 59692 | Crypt:1  | Gained mutation: You have a pair of small antennae on your
                  | head. [potion of mutation]
 59692 | Crypt:1  | Lost mutation: You occasionally shout uncontrollably at
                  | your foes. [potion of mutation]
 59941 | D:15     | Lost mutation: You have a pair of small antennae on your
                  | head. [potion of mutation]
 59941 | D:15     | Lost mutation: You are occasionally teleported next to
                  | monsters. [potion of mutation]
 59941 | D:15     | Gained mutation: Your magical capacity is low. (-10% MP)
                  | [potion of mutation]
 59941 | D:15     | Gained mutation: You have large cloven feet. [potion of
                  | mutation]
 59942 | D:15     | Lost mutation: You have large cloven feet. [potion of
                  | mutation]
 59942 | D:15     | Lost mutation: Your magical capacity is low. (-10% MP)
                  | [potion of mutation]
 59942 | D:15     | Gained mutation: Your natural rate of healing is unusually
                  | fast. [potion of mutation]
 59942 | D:15     | Gained mutation: You are clumsy. (Dex -2) [potion of
                  | mutation]
 59942 | D:15     | Gained mutation: You are covered in fur. (AC +1) [potion of
                  | mutation]
 60150 | Orc:2    | Bought a potion of mutation for 112 gold pieces
 60150 | Orc:2    | Bought a potion of mutation for 112 gold pieces
 60203 | Elf:1    | Bought a potion of mutation for 136 gold pieces
 60228 | Elf:2    | Bought a potion of mutation for 144 gold pieces
 60529 | Snake:4  | Bought a potion of mutation for 240 gold pieces
 60529 | Snake:4  | Bought a potion of mutation for 240 gold pieces
 61215 | Crypt:2  | Found a basalt altar of Yredelemnul.
 61280 | Crypt:3  | Entered Level 3 of the Crypt
 61479 | Crypt:3  | Found a staircase to the Tomb.
 61899 | Crypt:3  | Noticed a royal mummy
 61907 | Crypt:3  | Killed a royal mummy
 61910 | Crypt:3  | Noticed a royal mummy
 61980 | Crypt:3  | Killed a royal mummy
 62251 | Crypt:3  | Found an ancient bone altar of Kikubaaqudgha.
 62259 | Crypt:3  | Found a basalt altar of Yredelemnul.
 62305 | Crypt:3  | Identified the +3 leather armour of Complete Protection
                  | {rC+ Regen+ Int+2 SInv}
 62355 | Crypt:3  | Got Garocw's Guide on the Virous Jaunt
 62747 | Depths:1 | Entered Level 1 of the Depths
 62756 | Depths:1 | Reached skill level 27 in Axes
 62766 | Depths:1 | Paralysed by a vampire knight for 2 turns
 62769 | Depths:1 | Reached XP level 26. HP: 254/254 MP: 40/40
 62961 | Depths:1 | You fall into a shaft and drop 1 floor!
 63082 | Depths:2 | Found a gateway to Hell.
 63123 | Depths:2 | Identified the +1 robe "Heum" {rF++ rC- rN+ Int-2}
 63123 | Depths:2 | Identified the ring "Cygul" {rElec rPois MP+9}
 63146 | Depths:2 | Learned a level 4 spell: Passage of Golubria
 63205 | Depths:2 | Reached skill level 1 in Translocations
 63245 | Depths:2 | Identified the +0 scale mail of the Salmon {Str+8 Int+8}
 63421 | Depths:2 | Found a one-way gate leading to the halls of Pandemonium.
 63754 | Depths:1 | Found a stormy altar of Qazlal.
 64330 | Depths:3 | Reached skill level 5 in Translocations
 64375 | Depths:3 | Identified the +8 shortbow "Cuiva" {flame, rCorr Dex+4
                  | Stlth+}
 64485 | Depths:3 | Paralysed by a floating eye for 4 turns
 64648 | Depths:3 | Found Xymen's Jewellery Shoppe.
 64648 | Depths:3 | Found Tesm's Magic Scroll Emporium.
 64652 | Depths:3 | Found Buppin's Antique Weapon Shoppe.
 64658 | Depths:3 | Bought a scroll of teleportation for 45 gold pieces
 64658 | Depths:3 | Bought a scroll of enchant weapon for 112 gold pieces
 64658 | Depths:3 | Bought a scroll of teleportation for 45 gold pieces
 64658 | Depths:3 | Bought a scroll of magic mapping for 112 gold pieces
 64796 | Depths:3 | Found a snail-covered altar of Cheibriados.
 64908 | Depths:3 | Found a one-way gate to the infinite horrors of the Abyss.
 65128 | Depths:3 | Identified the +10 demon trident of Expedience {drain,
                  | Will- rCorr Int+4 Dex+8}
 65209 | Depths:4 | Entered Level 4 of the Depths
 65209 | Depths:4 | Noticed a juggernaut
 65219 | Depths:4 | Killed a juggernaut
 65383 | Depths:4 | Found a one-way gateway to a ziggurat.
 65695 | Depths:4 | Reached XP level 27. HP: 254/264 MP: 40/40
 65864 | Depths:4 | Found a gate to the Realm of Zot.
 65921 | Depths:3 | Noticed a juggernaut
 65928 | Depths:3 | Killed a juggernaut
 65929 | Depths:3 | Found a runed translucent door.
 66035 | Depths:3 | Found a runed translucent door.
 66035 | Depths:3 | Found a runed translucent door.
 66052 | Depths:3 | Found a runed translucent door.
 66064 | Depths:3 | Identified the +8 plate armour of Xekka {+Blink rF++ Dex+8
                  | Slay-3}
 66235 | Zot:1    | Entered Level 1 of the Realm of Zot
 66451 | Zot:1    | Reached skill level 5 in Evocations
 67358 | Zot:2    | Reached skill level 10 in Evocations
 67864 | Zot:3    | Acquired a manual of Evocations
 68233 | Zot:3    | Learned a level 5 spell: Manifold Assault
 68701 | Zot:3    | Noticed an orb of fire
 69347 | Zot:4    | Noticed an orb of fire
 69367 | Zot:4    | Killed an orb of fire
 69442 | Zot:4    | Reached skill level 10 in Translocations
 69942 | Zot:5    | Entered Level 5 of the Realm of Zot
 71297 | Zig:1    | Entered Level 1 of a ziggurat
 71312 | Zig:2    | Entered Level 2 of a ziggurat
 71333 | Zig:2    | Reached skill level 15 in Evocations
 71336 | Zig:3    | Entered Level 3 of a ziggurat
 71338 | Zig:3    | Found the +2 hat of the Bear Spirit {Spirit, *Rage Will++}
 71370 | Zig:4    | Entered Level 4 of a ziggurat
 71387 | Zig:4    | Identified the +0 pair of boots of Disappointment {Harm
                  | rCorr Int+2}
 71389 | Zig:4    | Identified the +1 chain mail of Lebis {rN++ Regen+ Str+2
                  | Dex-5}
 71408 | Zig:5    | Entered Level 5 of a ziggurat
 71418 | Zig:5    | Gained mutation: You are dopey. (Int -2) [a shining eye]
 71429 | Zig:5    | Identified the +5 lajatang of Doce {vorpal, rN+ Will+}
 71444 | Zig:6    | Entered Level 6 of a ziggurat
 71492 | Zig:6    | Identified the ring "Uduaz" {rCorr Str+6 Int+7}
 71496 | Zig:7    | Entered Level 7 of a ziggurat
 71540 | Zig:8    | Entered Level 8 of a ziggurat
 71605 | Zig:8    | Identified the ring "Ocifopex" {Fire rCorr}
 71606 | Zig:8    | Identified the +2 plate armour of Adeume {rC++ rCorr}
 71622 | Zig:9    | Entered Level 9 of a ziggurat
 72173 | Zot:5    | Noticed an orb of fire
 72175 | Zot:5    | Noticed an orb of fire
 72181 | Zot:5    | Noticed an orb of fire
 72184 | Zot:5    | Noticed an orb of fire
 72187 | Zot:5    | Noticed an orb of fire
 72187 | Zot:5    | Gained mutation: You are frail. (-10% HP) [an orb of fire]
 72188 | Zot:5    | Noticed an orb of fire
 72188 | Zot:5    | Gained mutation: You occasionally shout uncontrollably at
                  | your foes. [an orb of fire]
 72188 | Zot:5    | Gained mutation: You frequently scream uncontrollably at
                  | your foes. [an orb of fire]
 72189 | Zot:5    | Gained mutation: Armour fits poorly on your strangely
                  | shaped body. [an orb of fire]
 72189 | Zot:5    | Noticed an orb of fire
 72191 | Zot:5    | Gained mutation: You occasionally lose the ability to drink
                  | potions when taking damage. [an orb of fire]
 72194 | Zot:4    | Gained mutation: You sometimes lose your temper in combat.
                  | [an orb of fire]
 72194 | Zot:4    | Gained mutation: You are strong-willed. (Will+) [an orb of
                  | fire]
 72195 | Zot:4    | Gained mutation: You are weak. (Str -2) [an orb of fire]
 72196 | Zot:4    | Gained mutation: Your magical capacity is low. (-10% MP)
                  | [an orb of fire]
 72198 | Zot:4    | Gained mutation: Your spells are a little easier to cast,
                  | but a little less powerful. [an orb of fire]
 72199 | Zot:4    | Lost mutation: Your natural rate of healing is unusually
                  | fast. [an orb of fire]
 72200 | Zot:4    | Killed an orb of fire
 72201 | Zot:4    | Killed an orb of fire
 72201 | Zot:4    | Gained mutation: Your body sometimes deteriorates upon
                  | taking damage. [an orb of fire]
 72203 | Zot:4    | Killed an orb of fire
 72203 | Zot:4    | Killed an orb of fire
 72330 | Zot:4    | Lost mutation: You frequently scream uncontrollably at your
                  | foes. [potion of mutation]
 72330 | Zot:4    | Lost mutation: Your body sometimes deteriorates upon taking
                  | damage. [potion of mutation]
 72330 | Zot:4    | Lost mutation: Your magical capacity is low. (-10% MP)
                  | [potion of mutation]
 72331 | Zot:4    | Lost mutation: You are clumsy. (Dex -2) [potion of
                  | mutation]
 72331 | Zot:4    | Lost mutation: You are dopey. (Int -2) [potion of mutation]
 72331 | Zot:4    | Lost mutation: You are weak. (Str -2) [potion of mutation]
 72331 | Zot:4    | Lost mutation: Your spells are a little easier to cast, but
                  | a little less powerful. [potion of mutation]
 72331 | Zot:4    | Gained mutation: You are highly strong-willed. (Will++)
                  | [potion of mutation]
 72331 | Zot:4    | Lost mutation: You are highly strong-willed. (Will++)
                  | [potion of mutation]
 72331 | Zot:4    | Gained mutation: Your flesh is cold resistant. (rC+)
                  | [potion of mutation]
 72332 | Zot:4    | Lost mutation: You are frail. (-10% HP) [potion of
                  | mutation]
 72332 | Zot:4    | Lost mutation: You occasionally lose the ability to drink
                  | potions when taking damage. [potion of mutation]
 72332 | Zot:4    | Lost mutation: You sometimes lose your temper in combat.
                  | [potion of mutation]
 72332 | Zot:4    | Gained mutation: Your muscles are strong. (Str +4, Int/Dex
                  | -1) [potion of mutation]
 72359 | Zot:5    | Gained mutation: You occasionally lose the ability to read
                  | scrolls when taking damage. [an orb of fire]
 72362 | Zot:4    | Gained mutation: You sometimes lose the ability to read
                  | scrolls when taking damage. [an orb of fire]
 72365 | Zot:4    | Killed an orb of fire
 72369 | Zot:4    | Killed an orb of fire
 72373 | Zot:5    | Lost mutation: Your muscles are strong. (Str +4, Int/Dex
                  | -1) [an orb of fire]
 72374 | Zot:5    | Gained mutation: Your magical capacity is low. (-10% MP)
                  | [an orb of fire]
 72392 | Zot:5    | Gained mutation: You are clumsy. (Dex -2) [an orb of fire]
 72394 | Zot:5    | Killed an orb of fire
 72396 | Zot:5    | Noticed a dread lich
 72415 | Zot:5    | Killed a dread lich
 72416 | Zot:5    | Noticed an orb of fire
 72422 | Zot:5    | Killed an orb of fire
 72423 | Zot:5    | Noticed a dread lich
 72430 | Zot:5    | Killed a dread lich
 72459 | Zot:5    | Reached skill level 27 in Fighting
 72655 | Zot:5    | Got the Orb of Zot
 72754 | Zot:4    | Noticed Ded Tomo the pandemonium lord
 72772 | Zot:4    | Killed Ded Tomo the pandemonium lord
 72797 | Zot:4    | Lost mutation: You sometimes lose the ability to read
                  | scrolls when taking damage. [potion of mutation]
 72797 | Zot:4    | Lost mutation: You are strong-willed. (Will+) [potion of
                  | mutation]
 72797 | Zot:4    | Gained mutation: You do not regenerate when monsters are
                  | visible. [potion of mutation]
 72797 | Zot:4    | Lost mutation: Your magical capacity is low. (-10% MP)
                  | [potion of mutation]
 72798 | Zot:4    | Lost mutation: You do not regenerate when monsters are
                  | visible. [potion of mutation]
 72798 | Zot:4    | Lost mutation: You occasionally shout uncontrollably at
                  | your foes. [potion of mutation]
 72798 | Zot:4    | Lost mutation: You are clumsy. (Dex -2) [potion of
                  | mutation]
 72798 | Zot:4    | Lost mutation: You occasionally lose the ability to read
                  | scrolls when taking damage. [potion of mutation]
 72798 | Zot:4    | Gained mutation: You have large cloven feet. [potion of
                  | mutation]
 72798 | Zot:4    | Gained mutation: You are somewhat resistant to further
                  | mutation. [potion of mutation]
 72798 | Zot:4    | Noticed Huiryg the pandemonium lord
 73123 | D:14     | Noticed a seraph
 73387 | D:$      | Escaped with the Orb!

Illustrated notes

Levels and vault maps discovered:
D:1:      saegor_arrival_miasma, layout_basic, serial_corexii_hall,
          corexii_hall_statues_x, chequers_hall_statues_wall_a,
          minmay_fountain_box
D:2:      layout_loops_ring
D:3:      layout_basic, mainiacjoe_overflow_boulevard,
          ebering_ecumenical_altar_ruins, minmay_crystal_room,
          grunt_ministairs_12, uniq_grinder, uniq_jessica
D:4:      layout_gridville, nicolae_ru_sacrificial_ziggurat,
          mainiacjoe_overflow_small_starburst, zin_purify, st_stairs_6,
          dreamdust_princess_corridor, chequers_serial_rivers_small_3,
          corexii_leaking_fountain, uniq_robin
D:5:      layout_basic, uniq_menkaure, uniq_ijyb
D:6:      layout_loops_ring, grunt_temple_overflow_forces_of_nature,
          grunt_gozag_breadcrumbs, kennysheep_mini_moat,
          kennysheep_pointless_box, nicolae_titane
D:7:      nicolae_cairo_tiling, layout_basic, pdpol_wu_jian_five_deadly_venoms,
          minmay_temple_entry_proselytizer
D:8:      layout_loops_cross, old_standard_altar, slow_altar_2,
          lightli_temple_of_fire, erik_lair_orcish_takeover, serial_rivers,
          chequers_serial_rivers_micro_b, chequers_serial_rivers_small_a,
          chequers_serial_rivers_small_3, chequers_serial_rivers_small_a
D:9:      layout_long_grid, amcnicky_altar_gilded, minmay_orc_entry_guard_dogs
D:10:     layout_rooms, nicolae_tso_carved_into_rock, uniq_sonja,
          uniq_josephine, uniq_joseph
D:11:     evilmike_library_of_no_secrets, layout_loops_ring,
          eino_house_with_fridge
D:12:     layout_basic
D:13:     layout_basic, lemuel_flamethrower_1
D:14:     layout_basic, david_vaults_1, nrook_mini_vaults
D:15:     hangedman_depths_entry_civil_slaughter, layout_loops_cross,
          minmay_misc_feat_rugged, chequers_avenue
Lair:1:   layout_chaotic_city, nicolae_quartered_pool_super, st_stairs_9,
          uniq_erica
Lair:2:   layout_gridlike, swamp_mist_pool, serial_bayou, serial_bayou_shore_a,
          serial_bayou_pond_c, serial_bayou_lake_a, serial_bayou_ford_a,
          serial_bayou_pond_e, serial_bayou_lagoon_b,
          infiniplex_staircase_pool_2
Lair:3:   nzn_winding_woodlands_small [nzn_winding_woodlands_5x15_default,
          nzn_winding_woodlands_center_triple_pond,
          nzn_winding_woodlands_5x15_cabin], layout_hall_layers,
          minmay_snake_entry_guardpost_medium, serial_bayou_shore_b
Lair:4:   minmay_lair_venomous_thicket, layout_hall_layers,
          portal_ice_cave_entry_imps, minmay_shattered_shrine
Lair:5:   hangedman_lair_tendril_chambers, layout_hall_layers,
          guppyfry_lair_end_dragon, nicolae_slime_entry_slimehenge
Swamp:1:  layout_basic_swamp, evilmike_swamp_ruin_house_5
Swamp:2:  layout_basic_swamp, serial_swamp_ruin, evilmike_swamp_ruin_house_3,
          hangedman_swamp_ruin_wall
Swamp:3:  layout_basic_swamp, evilmike_swamp_ruin_rubble_1, uniq_mara
Swamp:4:  swamp_vile, layout_basic_swamp, swamp_pool3, uniq_kirke, uniq_nikola
Snake:1:  layout_layer_cave, serial_shops, shop, shop, nicolae_lakefront_shop,
          nicolae_shop_advertising_works [nicolae_subvault_shop_adworks],
          nicolae_shop_unique_rings
Snake:2:  layout_onion_interference, serial_shops, shop
Snake:3:  onia_ninara_swampy_vault, layout_cave_pods, serial_bayou_shore_b,
          uniq_vashnia
Snake:4:  snake_pit, layout_onion, serial_shops,
          nicolae_shop_bloodbath_and_beyond, nicolae_shop_statue_plus,
          shop_fountains, nicolae_shop_overgrown_old_shop, shop,
          ebering_ghost_inner_flame, uniq_louise, uniq_aizul, uniq_asterion
Slime:1:  layout_caves
Slime:2:  layout_caves, basic_altar
Slime:3:  layout_caves
Slime:4:  layout_caves
Slime:5
Orc:1:    layout_diamond_mine, special_room [special_room_orc]
Orc:2:    st_orc_town, layout_caves, uniq_urug
Elf:1:    layout_gridlike, serial_shops, nicolae_shop_waterfront,
          minmay_elf_crystal_heptagon
Elf:2:    nicolae_elf_blades_crystal_corner, layout_loops_corners, serial_shops,
          nicolae_stop_n_shop_1, uniq_roxanne, uniq_jorgrun
Elf:3:    elf_hall, layout_onion_city
Vaults:1: nicolae_vaults_circle_grid_a, nicolae_vaults_murderbox,
          hangedman_vaults_restitches, nicolae_vaults_asterisk,
          vaults_room_semicircle, v_pattern_2, ontoclasm_vaults_chip,
          layout_vaults_quadrants
Vaults:2: vaults_standard_mumra_lines, ontoclasm_vaults_water_temple,
          vaults_dpeg_diagonal, ontoclasm_vaults_pinch, nicolae_vaults_asterisk,
          v_misc_33, nicolae_vaults_twisting_passages, v_pattern_5,
          nicolae_vaults_little_squares_5, nicolae_vaults_shelves_hall,
          hangedman_vaults_maws, layout_vaults_big_room
Vaults:3: hangedman_vaults_cutoff, v_misc_10, nicolae_vaults_what_the_h,
          minmay_crypt_entry_necro_gods, v_misc_15,
          hangedman_vaults_corner_blocks, grunt_vaults_diagonal,
          vaults_standard_mumra_x, nicolae_vaults_network_quincunx
          [nicolae_vaults_network_quincunx_subvault,
          nicolae_vaults_network_quincunx_subvault,
          nicolae_vaults_network_quincunx_subvault,
          nicolae_vaults_network_quincunx_subvault,
          nicolae_vaults_network_quincunx_subvault], v_alt_pattern_6,
          nicolae_vaults_diagonal_hallway_9, vaults_room_door_ring,
          layout_vaults_big_cross, uniq_zenata, uniq_sojobo, uniq_xtahua,
          uniq_mennas
Vaults:4: nicolae_vaults_network_s, nicolae_vaults_network_periphery,
          hangedman_vaults_snaps, vaults_mumra_hexcomb,
          nicolae_vaults_sealed_display, hangedman_vaults_pinch,
          nicolae_vaults_little_squares_6, grunt_vaults_bifocal,
          vaults_room_pools, grunt_vaults_hallway_short, v_misc_23,
          layout_vaults_omnibox
Vaults:5
Crypt:1:  layout_gridlike, grunt_ministairs_8, nicolae_crypt_soggy_tomb,
          grunt_megastairs_2, grunt_crypt_arrival_webbed
Crypt:2:  layout_misc_corridors, lemuel_mausoleum_altar_yredelemnul
Crypt:3:  lightli_unholy_cathedral, layout_chaotic_city, feat_on_display
Depths:1: layout_cave_pools, nicolae_qazlal_scattered_showers, serial_rivers,
          chequers_serial_rivers_micro_e, chequers_serial_rivers_small_b,
          chequers_serial_rivers_micro_c, chequers_serial_rivers_room_b,
          hell_entry, dreamdust_looks_like_rain
Depths:2: minmay_the_grid_triangle_9x9_rhombus_full_mashed
          [minmay_the_grid_triangle_9x9_swiss_cheese,
          minmay_the_grid_triangle_9x9_corrupted_corridor,
          minmay_the_grid_triangle_9x9_windchime,
          minmay_the_grid_triangle_9x9_sparse_checkered,
          minmay_the_grid_triangle_9x9_negative_grid,
          minmay_the_grid_triangle_9x9_checkered,
          minmay_the_grid_triangle_9x9_minimal,
          minmay_the_grid_triangle_9x9_prize_schism], layout_gridville,
          serial_co_window_serial, co_window_paths_a, co_window_paths_a,
          co_window_corner_a, co_window_paths_a, co_window_paths_b,
          co_window_corner_a, co_window_corner_a, co_window_corner_b,
          co_window_2corner, co_window_broadway_c, co_window_of_opportunity_b,
          co_window_2corner, glass_columns_b, glass_columns_a, pan_entry,
          hell_entry
Depths:3: impenetrable_vault, layout_long_grid, abyss_entry, hellmouth_2,
          lemuel_doored_altar, minmay_mirror_moons_of_madness, minmay_shop_star
Depths:4: grunt_bruiser_brothers, layout_gridlike, enter_ziggurat_e, pan_entry,
          hell_entry, lemuel_flame_loot_1
Zot:1:    hangedman_snap_crack_crunch, layout_onion_interference
Zot:2:    layout_cellular_growth
Zot:3:    layout_concentric_octagons, nrook_zot_tub
Zot:4:    lemuel_halls_of_wrath, layout_cathedral_of_symmetry,
          skrybe_zot_glass_1
Zot:5:    layout_basic, st_stairs_2

Skill      XL: |  1  2  3  4  5  6  7  8  9 10 11 12 13 14 15 16 17 18 19 20 21 22 23 24 25 26 27 |
---------------+----------------------------------------------------------------------------------+-----
Axes           | 3 4 5 6 8 9 11 14 17 18 19 22 23 27 | 27.0
Fighting       | 9 10 15 19 22 23 24 27 | 27.0
Armour         | 8 11 16 19 21 24 | 24.0
Invocations    | 7 13 14 15 17 18 23 25 27 | 27.0
Dodging        | 6 7 10 14 15 | 15.3
Shields        | 11 15 | 15.3
Transmutations | 4 8 9 |  9.5
Spellcasting   | 3 |  3.0
Evocations     | 2 19 | 19.0
Translocations | 7 12 | 12.0

Action                   |  1- 3 |  4- 6 |  7- 9 | 10-12 | 13-15 | 16-18 | 19-21 | 22-24 | 25-27 || total
-------------------------+-------+-------+-------+-------+-------+-------+-------+-------+-------++-------
Melee: War axe           |    63 |   138 |   395 |       |       |       |       |       |       ||   596
       Battleaxe         |       |       |     4 |   352 |  1040 |   672 |   739 |   600 |    72 ||  3479
       Scimitar          |       |       |       |     5 |    13 |    20 |       |       |       ||    38
       Executioner's axe |       |       |       |       |       |   236 |   430 |   459 |  1748 ||  2873
 Cast: Wereblood         |       |       |       |       |       |       |       |     6 |    56 ||    62
       Manifold Assault  |       |       |       |       |       |       |       |       |     4 ||     4
Invok: Upheaval          |       |       |       |     2 |     5 |     4 |     5 |     5 |     3 ||    24
       Disaster Area     |       |       |       |       |     6 |     8 |     3 |     7 |     7 ||    31
       Elemental Force   |       |       |       |       |       |       |     8 |     3 |       ||    11
Evoke: Wand              |       |       |     2 |     9 |     5 |     2 |     3 |     1 |       ||    22
       Condenser vane    |       |       |       |       |       |       |       |     2 |       ||     2
  Use: Scroll            |     1 |     6 |     4 |    14 |     4 |    12 |     4 |     4 |    18 ||    67
       Potion            |       |    10 |     2 |     6 |     5 |     7 |     7 |     6 |    17 ||    60
 Stab: Invisible         |       |       |     1 |     2 |       |       |       |       |       ||     3
       Paralysed         |       |       |       |       |       |       |     6 |     1 |       ||     7
       Distracted        |       |       |       |       |       |       |     1 |     4 |       ||     5
Armor: Scale mail        |    25 |    14 |       |       |       |       |       |       |       ||    39
       Chain mail        |       |    68 |   196 |   155 |   156 |       |       |       |       ||   575
       Skin              |       |    13 |     3 |       |       |       |       |       |       ||    16
       Plate armour      |       |       |       |       |   173 |   399 |   455 |   391 |   575 ||  1993
Dodge: Dodged            |    22 |    50 |   111 |   120 |   391 |   441 |   580 |   625 |  1076 ||  3416
       Repelled          |       |       |       |     2 |    12 |    32 |    20 |    43 |    42 ||   151
Block: Buckler           |    13 |    37 |    58 |       |       |       |       |       |       ||   108
       Other             |       |       |       |    54 |   267 |   320 |   304 |   344 |   859 ||  2148
       Reflection        |       |       |       |       |       |       |       |     8 |    12 ||    20
